 Dungeon Crawl Stone Soup version 0.29-a0-334-gb41bcbb86e (webtiles) character file.

Game seed: 9527528467855328478

14 spaghetti the Conjurer (level 2, 0/25 HPs)
             Began as an Octopode Conjurer on Apr 13, 2022.
             Slain by a ball python (2 damage)
             ... on level 1 of the Dungeon.
             The game lasted 00:01:00 (432 turns).

spaghetti the Conjurer (Octopode Conjurer)           Turns: 432, Time: 00:01:00

Health: 0/25       AC: 21    Str:  6    XL:     2   Next: 41%
Magic:  2/5        EV: -1    Int: 20    God:
Gold:   32         SH:  0    Dex: 10    Spells: 5/6 levels left

rFire   . . .      SeeInvis .   i - +0 whip {mace}
rCold   . . .      Faith    .   (no shield)
rNeg    . . .      Spirit   .   (helmet currently unavailable)
rPois   +          Reflect  .   (no amulet)
rElec   .          Harm     .   (no ring)
rCorr   .          Rampage  .   (no ring)
Will    .....      NoTele   +   (no ring)
Stlth   ++........              (no ring)
HPRegen 0.08/turn               (no ring)
MPRegen 0.09/turn               (no ring)
                                (no ring)
                                (no ring)

@: tree-form, hasted, constricted, very quick
A: stationary, stasis, torment immunity, boosted hp, almost no armour,
(amphibious), 8 rings, (camouflage 1), (gelatinous body 1), (nimble swimmer 1),
(tentacles)
a: no special abilities


You were on level 1 of the Dungeon.
You were a tree.
You visited 1 branch of the dungeon, and saw 1 of its levels.

You collected 32 gold pieces.


Innate Abilities, Weirdness & Mutations

You are a tree.
Your roots penetrate the ground, keeping you stationary.
You cannot be teleported.
You are immune to unholy pain and torment.
Your maximum health is greatly increased.
You cannot wear most types of armour.
((You are amphibious.))
You can wear up to eight rings at the same time.
((Your skin changes colour to match your surroundings (Stealth+).))
((Your rubbery body absorbs attacks. (AC +1, EV +1)))
((You are camouflaged when in or above water. (Stealth+)))
((You have tentacles for arms and can constrict up to eight enemies at once.))


   Skills:
 - Level 2.0 Dodging
 - Level 2.6 Stealth
 + Level 2.8 Spellcasting
 - Level 4.0 Conjurations


You had 5 spell levels left.
You knew the following spells:

 Your Spells              Type           Power      Damage    Failure   Level
a - Magic Dart            Conj           72%        1d6       2%          1

Your spell library contained the following spells:

 Spells                   Type           Power      Damage    Failure   Level
 Searing Ray              Conj           36%        2d5       4%          2
 Dazzling Flash           Conj/Hex       20%        N/A       19%         3
 Fulminant Prism          Conj/Hex       5%         3d7       54%         4
 Iskenderun's Mystic Bla  Conj/Tloc      10%        2d4       54%         4

Inventory:

Hand Weapons
 b - a +0 club {mace}
   (You took it off a goblin on level 1 of the Dungeon)
 c - a +0 spear {polearm}
   (You found it on level 1 of the Dungeon)
 d - a +0 club {mace}
   (You found it on level 1 of the Dungeon)
 i - a +0 whip (weapon) {mace}
   (You found it on level 1 of the Dungeon)
 k - a +0 whip {mace}
   (You found it on level 1 of the Dungeon)
Missiles
 h - 5 boomerangs {throwing}
Scrolls
 e - 3 scrolls of identify {unknown}
Potions
 a - a potion of magic
 j - a potion of curing {unknown}

Dungeon Overview and Level Annotations

Branches:
Dungeon (1/15)

Altars:

#.# #.#
#.# #.#
#.# #.#
#.####
#S##.##
#^♣...####
##.......+
##...####
#..## #.##
#.#
#.#####
#+#
#.....#
#.####
#####.#
#.##..


You could see a ball python.


Message History

The magic dart hits the jackal.
The jackal barely misses you. 😎 MP[-1]
You lost 1 mp, and now have 1/5 mp.
Aiming: Magic Dart (safe; 2% risk of failure)
Press: ? - help, Q - select action, (/) - cycle Shift-Dir - straight line, f/p - jackal
Aim: a jackal (moderately wounded, 100% to hit)
The magic dart hits the jackal but does no damage.
The jackal bites you. 😕 HP[-3] MP[-1]
You take 3 damage, and now have 14/17 hp.
You lost 1 mp, and now have 0/5 mp.
You don't have enough magic to cast this spell.
Unknown command.
You don't have enough magic to cast this spell.
Unknown command.
You barely miss the jackal. You grab the jackal. You constrict the jackal.
The jackal bites you.
The jackal closely misses you. x2 😕 HP[-1]
You take 1 damage, and now have 13/17 hp.
You hit the jackal but do no damage. You squeeze the jackal.
You constrict the jackal, but do no damage.
The jackal closely misses you. The jackal barely misses you.
You hit the jackal.
You kill the jackal!
The jackal barely misses you.
A ball python comes into view.
The jackal bites you. The jackal barely misses you. 😮 HP[-2]
You take 2 damage, and now have 11/17 hp.
You closely miss the jackal.
The ball python hisses angrily.
Your grab misses the jackal. The jackal barely misses you.
The jackal bites you. The jackal misses you. 😮 HP[-1]
You take 1 damage, and now have 10/17 hp.
You barely miss the jackal. You grab the jackal. You constrict the jackal.
The jackal misses you. x2; The jackal barely misses you. 😮 HP[+1] MP[+1]
You completely miss the jackal. You squeeze the jackal.
You constrict the jackal. The jackal bites you. x2
* * * LOW HITPOINT WARNING * * *
The jackal bites you.
* * * LOW HITPOINT WARNING * * *
😨 HP[-5]
You take 5 damage, and now have 6/17 hp.
MASSIVE DAMAGE!! (PAUSE)
You hit the jackal.
You kill the jackal!
The jackal barely misses you. The jackal bites you.
* * * LOW HITPOINT WARNING * * *
😱 HP[-2]
You take 2 damage, and now have 4/17 hp.
You closely miss the jackal. You grab the jackal.
You constrict the jackal, but do no damage.
The jackal barely misses you. The ball python bites you.
* * * LOW HITPOINT WARNING * * *
The ball python completely misses you. The jackal closely misses you. 😱 HP[-3]
You take 3 damage, and now have 1/17 hp.
It was a potion of haste.
You feel yourself speed up.
You constrict the jackal. The jackal completely misses you.
The ball python barely misses you. x2
Unknown command.
Unknown command.
You release your grip on the jackal.
You aren't carrying any items that you can evoke.
Okay, then.
You aren't carrying any items that you can evoke.
It was a potion of lignification.
You turn into a tree.
Your roots penetrate the ground. 😱 HP[+1]
You now have 25 max hp (+8).
You barely miss the jackal.
The jackal bites you but does no damage. 😱 MP[+1]
You hit the jackal.
The jackal bites you but does no damage.
You hit the jackal but do no damage.
The jackal bites you but does no damage.
You closely miss the jackal.
The jackal bites you but does no damage.
You closely miss the jackal.
The jackal bites you but does no damage.
You hit the jackal.
You kill the jackal!
You closely miss the ball python.
The ball python bites you but does no damage.
The ball python grabs you. The ball python constricts you.
You barely miss the ball python.
The ball python bites you but does no damage.
The ball python constricts you.
You barely miss the ball python.
The ball python bites you but does no damage.
The ball python constricts you.
You closely miss the ball python.
The ball python bites you but does no damage.
The ball python constricts you.
You hit the ball python. The ball python bites you.
You die...

Action                   || total
-------------------------++-------
Melee: Unarmed           ||     1
       Whip              ||    20
       Constrict         ||     3
       Tentacles         ||     2
 Cast: Magic Dart        ||    17
  Use: Potion            ||     2
Armor: Skin              ||     9
Dodge: Dodged            ||    21

Levels and vault maps discovered:
D:1:      lightli_molten_gateway, layout_loops_corners

Notes
Turn   | Place    | Note
-------+----------+-------------------------------------------
     0 | D:1      | spaghetti the Octopode Conjurer began the quest for the
                  | Orb.
     0 | D:1      | Reached XP level 1. HP: 11/11 MP: 3/3
     0 | D:1      | magus.rc [v1.9.6]
   297 | D:1      | Reached XP level 2. HP: 17/17 MP: 0/5
   410 | D:1      | HP: 4/17 [jackal (2)]
   411 | D:1      | HP: 1/17 [ball python (3)]
   432 | D:1      | Slain by a ball python

Vanquished Creatures
  2 endoplasms (D:1)
  A giant cockroach (D:1)
  A goblin (D:1)
  4 jackals (D:1)
  2 ball pythons (D:1)
  2 bats (D:1)
12 creatures vanquished.

Table legend:
 A = Non-vault XP
 B = Vault XP
 C = Vault XP percentage of total XP
 D = Non-vault monster count
 E = Vault monster count
 F = Vault count percentage of total count
                 A         B        C        D         E       F
            +---------+---------+-------+---------+---------+-------
      Total |      20 |       0 |   0.0 |      12 |       0 |   0.0
            +---------+---------+-------+---------+---------+-------
        D:1 |      20 |       0 |   0.0 |      12 |       0 |   0.0
            +---------+---------+-------+---------+---------+-------

Illustrated notes

Table legend:
 A = Kills in this place as a percentage of kills in entire the game.
 B = Kills by you in this place as a percentage of kills by you in the entire game.
 C = Kills by friends in this place as a percentage of kills by friends in the entire game.
 D = Other kills in this place as a percentage of other kills in the entire game.
 E = Experience gained in this place as a percentage of experience gained in the entire game.
 F = Experience gained in this place divided by the number of levels of this place that you have seen.
                   A       B       C       D       E      F
               +-------+-------+-------+-------+-------+----------------------
         Total | 100.0 | 100.0 |   N/A |   N/A | 100.0 |  20.0
       Dungeon | 100.0 | 100.0 |   N/A |   N/A | 100.0 |  20.0
               +-------+-------+-------+-------+-------+----------------------

Table legend: (Time is in decaauts)
 A = Elapsed time spent in this place.
 B = Non-inter-level travel time spent in this place.
 C = Inter-level travel time spent in this place.
 D = Time resting spent in this place.
 E = Time spent auto-exploring this place.
 F = Levels seen in this place.
 G = Mean time per level.
                   A        B        C        D        E       F      G
               +--------+--------+--------+--------+--------+-----+--------+
         Total |    426 |    426 |      0 |      0 |    356 |   1 |  426.0 |
       Dungeon |    426 |    426 |      0 |      0 |    356 |   1 |  426.0 |
               +--------+--------+--------+--------+--------+-----+--------+

Top non-repeatable levels by time:
     D:1: 426 daAuts
